| TOP OF THE 1ST |
|
Columbus Clippers batting - Pitching for Richmond Braves : RHP Charlie Lea
|
|
Pitching: RHP Charlie Lea
|
|
|
Batting: SHB Tim Raines
|
0-0: Called Strike 0-1: Fly out, F8 (Flyball, 89D, EV 90.0 MPH)
|
|
Batting: RHB David Hall
|
0-0: Ball 1-0: Called Strike 1-1: Foul Ball, location: 2F 1-2: Ball 2-2: Foul Ball, location: 2F 2-2: Ground out 5-3 (Groundball, 56S, EV 90.0 MPH)
|
|
Batting: RHB Rod Allen
|
0-0: Fly out, F4 (Popup, 4, EV 71.3 MPH)
|
| Top of the 1st over - 0 runs, 0 hits, 0 errors, 0 left on base; Columbus 0 - Richmond 0 |
| BOTTOM OF THE 1ST |
|
Richmond Braves batting - Pitching for Columbus Clippers : RHP David Smith
|
|
Pitching: RHP David Smith
|
|
|
Batting: LHB Max Venable
|
0-0: Ball 1-0: Ball 2-0: Ball 3-0: Called Strike 3-1: Ground out 6-3 (Groundball, 6M, EV 98.8 MPH)
|
|
Batting: RHB Mike Fuentes
|
0-0: Ball 1-0: Called Strike 1-1: Ball 2-1: Fly out, F6 (Line Drive, 6, EV 75.0 MPH)
|
|
Batting: RHB Robert Potts
|
0-0: Ball 1-0: Foul Ball, location: 2F 1-1: Swinging Strike 1-2: Strikes out looking
|
| Bottom of the 1st over - 0 runs, 0 hits, 0 errors, 0 left on base; Columbus 0 - Richmond 0 |
| TOP OF THE 2ND |
|
Columbus Clippers batting - Pitching for Richmond Braves : RHP Charlie Lea
|
|
Batting: RHB Pedro Guerrero
|
0-0: SINGLE (Line Drive, 6M, EV 96.3 MPH)
|
|
Batting: RHB Jim Teller
|
0-0: Ball 1-0: Called Strike 1-1: Ball 2-1: Foul Ball, location: 2F 2-2: Ball 3-2: Foul Ball, location: 2F 3-2: Fly out, F9 (Flyball, 9, EV 71.9 MPH)
|
|
Batting: RHB James Shinn
|
0-0: Ball 1-0: Called Strike 1-1: Called Strike 1-2: Strikes out swinging
|
|
Batting: LHB Jose Cervantes
|
0-0: Ball 1-0: Ball 2-0: Ball 3-0: Called Strike 3-1: Swinging Strike 3-2: Base on Balls Pedro Guerrero to second
|
|
Batting: RHB Vic Rodriguez
|
0-0: Called Strike 0-1: Ball 1-1: Fly out, F5 (Popup, 56, EV 72.5 MPH)
|
| Top of the 2nd over - 0 runs, 1 hit, 0 errors, 2 left on base; Columbus 0 - Richmond 0 |
| BOTTOM OF THE 2ND |
|
Richmond Braves batting - Pitching for Columbus Clippers : RHP David Smith
|
|
Batting: RHB Dale Berra
|
0-0: Called Strike 0-1: Fly out, F3 (Line Drive, 3, EV 72.5 MPH)
|
|
Batting: SHB Donnie Scott
|
0-0: Foul Ball, location: 2F 0-1: Fly out, F4 (Popup, 34D, EV 56.3 MPH)
|
|
Batting: RHB Jon Llanos
|
0-0: Fly out, F9 (Flyball, 9S, EV 79.4 MPH)
|
| Bottom of the 2nd over - 0 runs, 0 hits, 0 errors, 0 left on base; Columbus 0 - Richmond 0 |
| TOP OF THE 3RD |
|
Columbus Clippers batting - Pitching for Richmond Braves : RHP Charlie Lea
|
|
Batting: RHB Larry Bowie
|
0-0: Ball 1-0: Ball 2-0: Ball 3-0: Called Strike 3-1: SINGLE (Groundball, 56D, EV 99.4 MPH)
|
|
Batting: SHB Tim Raines
|
0-0: Foul Ball, location: 2F 0-1: Ball 1-1: SINGLE (Groundball, 34S, EV 65.6 MPH) (infield hit) Larry Bowie to second
|
|
Batting: RHB David Hall
|
0-0: Ball 1-0: SINGLE (Groundball, 56, EV 106.3 MPH) (infield hit) Larry Bowie to third Tim Raines to second
|
|
Batting: RHB Rod Allen
|
0-0: Ball 1-0: Foul Ball, location: 2F 1-1: Ball 2-1: Ball 3-1: Foul Ball, location: 2F 3-2: Grounds into double play, 6-4-3 (Groundball, 6, EV 105.0 MPH) Larry Bowie scores Tim Raines to third
|
|
Batting: RHB Pedro Guerrero
|
0-0: Fly out, F8 (Flyball, 8LXD, EV 86.3 MPH)
|
| Top of the 3rd over - 1 run, 3 hits, 0 errors, 1 left on base; Columbus 1 - Richmond 0 |
| BOTTOM OF THE 3RD |
|
Richmond Braves batting - Pitching for Columbus Clippers : RHP David Smith
|
|
Batting: RHB Mark Naehring
|
0-0: Ball 1-0: Ball 2-0: Ball 3-0: Called Strike 3-1: DOUBLE (Line Drive, 7LM, EV 99.4 MPH)
|
|
Batting: RHB Jason Bernhard
|
0-0: Called Strike 0-1: Fly out, F5 (Line Drive, 5, EV 67.5 MPH)
|
|
Batting: RHB John O'Rear
|
0-0: Ball 1-0: Ball 2-0: Fly out, F8 (Line Drive, 8LM, EV 91.9 MPH)
|
|
Batting: LHB Max Venable
|
0-0: Called Strike 0-1: Ball 1-1: Ball 2-1: Ball 3-1: Foul Ball, location: 2F 3-2: Foul Ball, location: 2F 3-2: Foul Ball, location: 2F 3-2: Base on Balls
|
|
Batting: RHB Mike Fuentes
|
0-0: Ball 1-0: Foul Ball, location: 2F 1-1: Ball 2-1: Called Strike 2-2: Fly out, F4 (Popup, 34, EV 63.1 MPH)
|
| Bottom of the 3rd over - 0 runs, 1 hit, 0 errors, 2 left on base; Columbus 1 - Richmond 0 |
| TOP OF THE 4TH |
|
Columbus Clippers batting - Pitching for Richmond Braves : RHP Charlie Lea
|
|
Batting: RHB Jim Teller
|
0-0: Called Strike 0-1: Swinging Strike 0-2: Strikes out swinging
|
|
Batting: RHB James Shinn
|
0-0: Called Strike 0-1: Fly out, F9 (Flyball, 9S, EV 88.1 MPH)
|
|
Batting: LHB Jose Cervantes
|
0-0: Called Strike 0-1: Ball 1-1: Ball 2-1: Swinging Strike 2-2: Strikes out swinging
|
| Top of the 4th over - 0 runs, 0 hits, 0 errors, 0 left on base; Columbus 1 - Richmond 0 |
| BOTTOM OF THE 4TH |
|
Richmond Braves batting - Pitching for Columbus Clippers : RHP David Smith
|
|
Batting: RHB Robert Potts
|
0-0: Called Strike 0-1: Foul Ball, location: 2F 0-2: Ball 1-2: Ball 2-2: Foul Ball, location: 2F 2-2: Ball 3-2: Strikes out looking
|
|
Batting: RHB Dale Berra
|
0-0: Called Strike 0-1: Ball 1-1: Fly out, F6 (Popup, 6MD, EV 70.6 MPH)
|
|
Batting: SHB Donnie Scott
|
0-0: Ball 1-0: Ground out 6-3 (Groundball, 6, EV 85.0 MPH)
|
| Bottom of the 4th over - 0 runs, 0 hits, 0 errors, 0 left on base; Columbus 1 - Richmond 0 |
| TOP OF THE 5TH |
|
Columbus Clippers batting - Pitching for Richmond Braves : RHP Charlie Lea
|
|
Batting: RHB Vic Rodriguez
|
0-0: Ball 1-0: Ball 2-0: Called Strike 2-1: Fly out, F9 (Flyball, 89M, EV 83.1 MPH)
|
|
Batting: RHB Larry Bowie
|
0-0: Ball 1-0: Ball 2-0: Called Strike 2-1: SINGLE (Groundball, 56D, EV 106.3 MPH)
|
|
Batting: SHB Tim Raines
|
0-0: Called Strike 0-1: Ball 1-1: Ball 2-1: Ball 3-1: Swinging Strike 3-2: Strikes out looking
|
|
Batting: RHB David Hall
|
0-0: Called Strike 0-1: Ball 1-1: Ball 2-1: Foul Ball, location: 2F 2-2: Ground out 5-3 (Groundball, 56S, EV 87.5 MPH)
|
| Top of the 5th over - 0 runs, 1 hit, 0 errors, 1 left on base; Columbus 1 - Richmond 0 |
| BOTTOM OF THE 5TH |
|
Richmond Braves batting - Pitching for Columbus Clippers : RHP David Smith
|
|
Batting: RHB Jon Llanos
|
0-0: Ball 1-0: Ball 2-0: Ball 3-0: Base on Balls
|
|
Batting: RHB Mark Naehring
|
0-0: Ball Jon Llanos steals 2nd base 1-0: Ball 2-0: Called Strike 2-1: Foul Ball, location: 2F 2-2: Ball 3-2: Foul Ball, location: 2F 3-2: Ground out 4-3 (Groundball, 4M, EV 101.9 MPH) Jon Llanos to third
|
|
Batting: RHB Jason Bernhard
|
0-0: Ball 1-0: Fly out, F8 (Line Drive, 8LD, EV 105.0 MPH) Runner from 3rd tags up, OUT at HOME! 8-2
|
| Bottom of the 5th over - 0 runs, 0 hits, 0 errors, 0 left on base; Columbus 1 - Richmond 0 |
| TOP OF THE 6TH |
|
Columbus Clippers batting - Pitching for Richmond Braves : RHP Charlie Lea
|
|
Batting: RHB Rod Allen
|
0-0: Called Strike 0-1: Swinging Strike 0-2: Ball 1-2: SOLO HOME RUN (Flyball, 78XD, EV 95.0 MPH), Distance : 402 ft
|
|
Batting: RHB Pedro Guerrero
|
0-0: Ball 1-0: Ball 2-0: Ball 3-0: Base on Balls
|
|
Batting: RHB Jim Teller
|
0-0: Foul Ball, location: 2F 0-1: Foul Ball, location: 2F 0-2: Ball 1-2: Ball 2-2: Foul Ball, location: 2F 2-2: Foul Ball, location: 2F 2-2: Ball 3-2: Fielders Choice at 2nd, 5-4 (Groundball, 56, EV 84.4 MPH)
|
|
Batting: RHB James Shinn
|
0-0: Ball 1-0: Ball 2-0: Ball Jim Teller steals 2nd base 3-0: Base on Balls
|
|
Batting: LHB Jose Cervantes
|
0-0: Ball 1-0: Foul Ball, location: 2F 1-1: DOUBLE (Line Drive, 7LM, EV 113.1 MPH) Jim Teller scores James Shinn to third Runner from 3rd tries for Home, SAFE, throw by LF to trailing runner, SAFE at third!
|
|
Batting: RHB Vic Rodriguez
|
0-0: Intentional Walk
|
|
Batting: RHB Larry Bowie
|
0-0: Fly out, F8 (Line Drive, 8RM, EV 96.9 MPH)
|
|
Batting: SHB Tim Raines
|
0-0: Ball 1-0: Foul Ball, location: 2F 1-1: Ball 2-1: Called Strike 2-2: Ball 3-2: Foul Ball, location: 2F 3-2: Foul Ball, location: 2F 3-2: DOUBLE (Groundball, 5L, EV 106.3 MPH) Jose Cervantes scores Vic Rodriguez to third Vic Rodriguez scores
|
|
Batting: RHB David Hall
|
0-0: Called Strike 0-1: Called Strike 0-2: Strikes out looking
|
| Top of the 6th over - 5 runs, 3 hits, 0 errors, 1 left on base; Columbus 6 - Richmond 0 |
| BOTTOM OF THE 6TH |
|
Richmond Braves batting - Pitching for Columbus Clippers : RHP David Smith
|
|
Batting: RHB John O'Rear
|
0-0: Fly out, F8 (Flyball, 8LD, EV 98.8 MPH)
|
|
Batting: LHB Max Venable
|
0-0: Called Strike 0-1: Called Strike 0-2: Ball 1-2: DOUBLE (Line Drive, 9LD, EV 100.0 MPH)
|
|
Batting: RHB Mike Fuentes
|
0-0: Called Strike Max Venable is caught stealing 3rd base 2-5 0-1: Fly out, F8 (Flyball, 8RXD, EV 80.0 MPH)
|
| Bottom of the 6th over - 0 runs, 1 hit, 0 errors, 0 left on base; Columbus 6 - Richmond 0 |
| TOP OF THE 7TH |
|
Columbus Clippers batting - Pitching for Richmond Braves : RHP Charlie Lea
|
|
Pitching: RHP Phillip McCollough
|
|
|
Batting: RHB Rod Allen
|
0-0: Ball 1-0: Ball 2-0: Called Strike 2-1: Ground out 6-3 (Groundball, 56D, EV 88.8 MPH)
|
|
Batting: RHB Pedro Guerrero
|
0-0: Called Strike 0-1: Ball 1-1: Called Strike 1-2: Strikes out looking
|
|
Batting: RHB Jim Teller
|
0-0: Ball 1-0: Foul Ball, location: 2F 1-1: Ball 2-1: Ground out 5-3 (Groundball, 56, EV 83.8 MPH)
|
| Top of the 7th over - 0 runs, 0 hits, 0 errors, 0 left on base; Columbus 6 - Richmond 0 |
| BOTTOM OF THE 7TH |
|
Richmond Braves batting - Pitching for Columbus Clippers : RHP David Smith
|
|
Batting: RHB Robert Potts
|
0-0: Called Strike 0-1: Foul Ball, location: 2F 0-2: Foul Ball, location: 2F 0-2: Ball 1-2: Ball 2-2: Fly out, F8 (Flyball, 8RM, EV 83.8 MPH)
|
|
Batting: RHB Dale Berra
|
0-0: Called Strike 0-1: Ball 1-1: Foul Ball, location: 2F 1-2: Foul Ball, location: 2F 1-2: Ball 2-2: Ground out 6-3 (Groundball, 6M, EV 105.0 MPH)
|
|
Batting: SHB Donnie Scott
|
0-0: Ball 1-0: Ball 2-0: Ball 3-0: Base on Balls
|
|
Batting: RHB Jon Llanos
|
0-0: Ball 1-0: Ball 2-0: Ball 3-0: Called Strike 3-1: Swinging Strike 3-2: Strikes out looking
|
| Bottom of the 7th over - 0 runs, 0 hits, 0 errors, 1 left on base; Columbus 6 - Richmond 0 |
| TOP OF THE 8TH |
|
Columbus Clippers batting - Pitching for Richmond Braves : RHP Phillip McCollough
|
|
Batting: RHB James Shinn
|
0-0: Called Strike 0-1: Foul Ball, location: 2F 0-2: Foul Ball, location: 2F 0-2: Ball 1-2: Foul Ball, location: 2F 1-2: SINGLE (Flyball, 8RS, EV 93.8 MPH)
|
|
Batting: LHB Jose Cervantes
|
0-0: Ball 1-0: Called Strike 1-1: Foul Ball, location: 2F 1-2: Foul Ball, location: 2F 1-2: Strikes out looking
|
|
Batting: RHB Vic Rodriguez
|
0-0: Ball 1-0: Ball 2-0: Called Strike 2-1: Called Strike 2-2: Fly out, F8 (Line Drive, 8RD, EV 90.6 MPH)
|
|
Batting: RHB Larry Bowie
|
0-0: Ball 1-0: DOUBLE (Flyball, 8LXD, EV 96.9 MPH) James Shinn to third Runner from 3rd tries for Home, SAFE, no throw by CF
|
|
Pinch Hitting: RHB LaRue Washington
|
0-0: Ball 1-0: Called Strike 1-1: SINGLE (Line Drive, 7S, EV 85.0 MPH) Larry Bowie to third Runner from 3rd tries for Home, SAFE, throw by LF to home
|
|
Pinch Hitting: RHB Garry Smith
|
0-0: SINGLE (Groundball, 6D, EV 96.9 MPH) LaRue Washington to second
|
|
Batting: RHB Rod Allen
|
0-0: Called Strike 0-1: Ball 1-1: Ball 2-1: Swinging Strike 2-2: Strikes out swinging
|
| Top of the 8th over - 2 runs, 4 hits, 0 errors, 2 left on base; Columbus 8 - Richmond 0 |
| BOTTOM OF THE 8TH |
|
Richmond Braves batting - Pitching for Columbus Clippers : RHP David Smith
|
|
Now at 2B: LaRue Washington
|
|
|
Now in CF: Garry Smith
|
|
|
Batting: RHB Mark Naehring
|
0-0: Ball 1-0: Called Strike 1-1: Ball 2-1: Ball 3-1: SINGLE (Groundball, 6MD, EV 108.1 MPH)
|
|
Batting: RHB Jason Bernhard
|
0-0: Foul Ball, location: 2F 0-1: Ball 1-1: Ball 2-1: Foul Ball, location: 2F 2-2: Ball 3-2: Strikes out looking
|
|
Batting: RHB John O'Rear
|
0-0: Called Strike 0-1: Called Strike 0-2: Ball 1-2: Strikes out looking
|
|
Pitching: RHP Barry Cort
|
|
|
Batting: LHB Max Venable
|
0-0: Ball 1-0: Ball 2-0: DOUBLE (Flyball, 8LXD, EV 100.0 MPH) Mark Naehring to third Runner from 3rd tries for Home, SAFE, no throw by CF
|
|
Batting: RHB Mike Fuentes
|
0-0: Ball 1-0: Called Strike 1-1: Swinging Strike 1-2: Foul Ball, location: 2F 1-2: Strikes out swinging
|
| Bottom of the 8th over - 1 run, 2 hits, 0 errors, 1 left on base; Columbus 8 - Richmond 1 |
| TOP OF THE 9TH |
|
Columbus Clippers batting - Pitching for Richmond Braves : RHP Phillip McCollough
|
|
Batting: RHB Pedro Guerrero
|
0-0: Ball 1-0: Ball 2-0: Ball 3-0: Base on Balls
|
|
Batting: RHB Jim Teller
|
0-0: Swinging Strike 0-1: Ball Wild Pitch! Pedro Guerrero to second 1-1: Ground out 5-3 (Groundball, 56S, EV 83.8 MPH)
|
|
Batting: RHB James Shinn
|
0-0: Ground out 1-3 (Groundball, 15, EV 82.5 MPH)
|
|
Batting: LHB Jose Cervantes
|
0-0: Ball 1-0: SINGLE (Line Drive, 89S, EV 105.6 MPH) Pedro Guerrero to third Runner from 3rd tries for Home, SAFE, throw by RF to home
|
|
Batting: RHB Vic Rodriguez
|
0-0: Called Strike 0-1: SINGLE (Flyball, 89M, EV 91.9 MPH) Jose Cervantes to second
|
|
Batting: RHB Larry Bowie
|
0-0: Ground out 6-3 (Groundball, 6S, EV 92.5 MPH)
|
| Top of the 9th over - 1 run, 2 hits, 0 errors, 2 left on base; Columbus 9 - Richmond 1 |
| BOTTOM OF THE 9TH |
|
Richmond Braves batting - Pitching for Columbus Clippers : RHP Barry Cort
|
|
Batting: RHB Robert Potts
|
0-0: Ball 1-0: Ball 2-0: Ball 3-0: Called Strike 3-1: Base on Balls
|
|
Batting: RHB Dale Berra
|
0-0: Called Strike 0-1: Fly out, F7 (Flyball, 7D, EV 106.3 MPH)
|
|
Batting: SHB Donnie Scott
|
0-0: Foul Ball, location: 2F 0-1: Called Strike 0-2: Ball 1-2: Ball 2-2: Foul Ball, location: 2F 2-2: Ground out 6-3 (Groundball, 6, EV 83.1 MPH) Robert Potts to second
|
|
Batting: RHB Jon Llanos
|
0-0: Called Strike 0-1: Foul Ball, location: 2F 0-2: Strikes out looking
|
| Bottom of the 9th over - 0 runs, 0 hits, 0 errors, 1 left on base; Columbus 9 - Richmond 1 |
|